 Dungeon Crawl Stone Soup version 0.17-a0-1-g1f4be75 (webtiles) character file.

73 Speissi the Sneak (level 4, -1/29 HPs)
             Began as an Octopode Assassin on Mar 7, 2015.
             Slain by an adder (5 damage)
             ... on level 3 of the Dungeon.
             The game lasted 00:06:28 (1841 turns).

Speissi the Sneak (Octopode Assassin)               Turns: 1841, Time: 00:06:29

Health: -1/29      AC:  1    Str: 10    XL:     4   Next: 27%
Magic:  4/4        EV: 12    Int: 13    God:
Gold:   61         SH:  0    Dex: 14    Spells: 0 memorised, 3 levels left

rFire  . . .     SeeInvis .     a - +2 dagger
rCold  . . .     Clarity  .     (no shield)
rNeg   . . .     SustAb   .     (helmet restricted)
rPois  .         Gourm    .     (no amulet)
rElec  .         Spirit   .     y - ring of wizardry
rCorr  .         Warding  .     (no ring)
rMut   .         Stasis   .     (no ring)
MR     .....                    (no ring)
Stlth  +++++.....               (no ring)
                                (no ring)
                                (no ring)
                                (no ring)

@: lethally poisoned (-1 -> -5), not resistant to hostile enchantments, quite
stealthy
A: almost no armour, amphibious, 8 rings, constrict 8, camouflage 1, gelatinous
body 1
a: no special abilities


You were on level 3 of the Dungeon.
You were not hungry.

You visited 1 branch of the dungeon, and saw 3 of its levels.

You collected 61 gold pieces.

Inventory:

Hand weapons
 a - a +2 dagger (weapon)
 b - a +0 blowgun
Missiles
 e - 14 poisoned needles
 f - 2 curare-tipped needles
Jewellery
 y - a ring of wizardry (left tentacle)
Scrolls
 c - a scroll of amnesia
 h - a scroll of blinking
 j - a scroll of teleportation {unknown}
 l - 2 scrolls of magic mapping
 m - 3 scrolls of fear
 n - a scroll of recharging {unknown}
 p - a scroll of immolation {unknown}
 s - a scroll of remove curse
 v - a scroll of fog
 x - 2 scrolls of identify {unknown}
Potions
 d - 2 potions of might {unknown}
 k - a potion of degeneration {unknown}
 o - a potion of haste {unknown}
 q - a potion of agility {unknown}
Books
 r - a book of Burglary

   Spells                             Type                      Level
   a - Swiftness                      Charms/Air                   2
   b - Passwall                       Transmutation/Earth          3
   c - Passage of Golubria            Translocation                4
   d - Lee's Rapid Deconstruction     Earth                        5
   e - Invisibility                   Hexes                        6
   f - Darkness                       Hexes                        7
Comestibles
 g - a bread ration
 i - a meat ration
 u - a beef jerky
 w - 2 fruits
 z - 2 chunks of flesh


   Skills:
 + Level 2.1 Fighting
 + Level 2.2 Short Blades
 + Level 2.6 Throwing
 + Level 1.9 Dodging
 + Level 6.6 Stealth


You had 3 spell levels left.
You didn't know any spells.

Dungeon Overview and Level Annotations

Branches:
Dungeon (3/15)

Altars:


Innate Abilities, Weirdness & Mutations

You cannot wear most types of armour.
You are amphibious.
You can wear up to eight rings at the same time.
You can use your tentacles to constrict many enemies at once.
Your skin changes colour to match your surroundings (Stealth).
Your rubbery body absorbs attacks (AC +1).


Message History

Firing (i - inventory. (,) - cycle):
e - 15 poisoned needles (quivered)
Press: ? - help, Shift-Dir - straight line, f/p - adder
Aim: an adder You shoot a poisoned needle.
The poisoned needle barely misses the adder.
The adder misses you.
a - a +2 dagger (weapon)
You feel sick. The adder bites you.
* * * LOW HITPOINT WARNING * * *
You are too injured to fight recklessly!
You are too injured to fight recklessly!
You are too injured to fight recklessly!
You are too injured to fight recklessly!
You are too injured to fight recklessly!
You are too injured to fight recklessly!
You are too injured to fight recklessly!
You barely miss the adder. You grab the adder.
You constrict the adder, but do no damage.
The adder bites you.
You die...

### #....# ### #.# #....#
#.. #.# #....# #.# #.#
#....# #.# #.#
#^...####.### #. #.#
#............
##..####.###.(..##.....#
.........................
#...#..@S<.....(((.#.#.#
#####.########.#.#.# #.#
..#.#.# #.# ...#.#.# ..#
....#.#.. ### ..........
...##.### . #.. . #


You could see an adder.

Vanquished Creatures
  A giant mite (D:1)
  3 worms (D:2)
  An ooze (D:2)
  8 bats
  2 giant cockroaches
  9 goblins
  5 hobgoblins
  5 jackals
  2 giant geckos
  4 giant newts
  3 kobolds
  6 rats
49 creatures vanquished.

Notes
Turn   | Place    | Note
--------------------------------------------------------------
     0 | D:1      | Speissi, the Octopode Assassin, began the quest for the Orb.
     0 | D:1      | Reached XP level 1. HP: 14/14 MP: 1/1
   290 | D:1      | Reached XP level 2. HP: 19/19 MP: 2/2
   364 | D:1      | Reached skill level 6 in Stealth
   811 | D:1      | Reached XP level 3. HP: 24/24 MP: 3/3
  1442 | D:2      | Reached XP level 4. HP: 29/29 MP: 4/4
  1841 | D:3      | Slain by an adder

Action                   |  1- 3 |  4- 6 || total
-------------------------+-------+-------++-------
Melee: Dagger            |    39 |    18 ||    57
 Fire: Blowgun           |    21 |     8 ||    29
  Use: Scroll            |       |     6 ||     6
 Stab: Sleeping          |    17 |     5 ||    22
  Eat: Chunk             |     1 |     2 ||     3
